 Dungeon Crawl Stone Soup version 0.28-b1-1-g3c77fb2ed1 (webtiles) character file.

Game seed: 3270594799984322411

148 styxcanada the Covert (level 5, 0/39 HPs)
             Began as a Spriggan Brigand on Jan 28, 2022.
             Succumbed to a scorpion's poison
             ... on level 4 of the Dungeon.
             The game lasted 00:10:23 (3336 turns).

styxcanada the Covert (Spriggan Brigand)            Turns: 3336, Time: 00:10:23

Health: 0/39       AC:  3    Str:  7    XL:     5   Next: 8%
Magic:  6/6        EV: 17    Int: 12    God:
Gold:   140        SH:  0    Dex: 19    Spells: 4/4 levels left

rFire   . . .      SeeInvis +   a - +2 dagger
rCold   + . .      Faith    .   (no shield)
rNeg    . . .      Spirit   .   b - +0 robe
rPois   .          Reflect  .   (helmet restricted)
rElec   .          Harm     .   c - +0 cloak
rCorr   .          Rampage  .   (gloves unavailable)
Will    .....                   (boots unavailable)
Stlth   ..........              (no amulet)
HPRegen 0.13/turn               h - ring of protection from cold
MPRegen 0.10/turn               (no ring)

@: berserking, lethally poisoned (0 -> -1), very quick
A: very small, no large weapons, unfitting armour, see invisible, speed 3
a: no special abilities


You were on level 4 of the Dungeon.
You visited 1 branch of the dungeon, and saw 4 of its levels.

You collected 140 gold pieces.

Inventory:

Hand Weapons
 a - a +2 dagger (weapon)
Missiles
 d - 7 poisoned darts (quivered)
 e - a curare-tipped dart
 g - 87 stones
 i - 25 sling bullets
Armour
 b - a +0 robe (worn)
 c - a +0 cloak (worn)
Jewellery
 h - a ring of protection from cold (left hand)
Scrolls
 l - a scroll of immolation
Potions
 f - a potion of invisibility
 j - 3 potions of might


   Skills:
 * Level 2.1 Fighting
 + Level 3.0 Short Blades
 + Level 2.3 Throwing
 * Level 2.6 Dodging
 * Level 8.2 Stealth


You had 4 spell levels left.
You didn't know any spells.
Your spell library was empty.

Dungeon Overview and Level Annotations

Branches:
Dungeon (4/15)
 Temple: D:4-7

Altars:

Shops:
D:1 *


Innate Abilities, Weirdness & Mutations

You are very small and have problems with some larger weapons.
You are too small for most types of armour.
You have supernaturally acute eyesight. (SInv)
You cover ground extremely quickly. (Speed+++)


Message History

You hit the scorpion but do no damage.
The scorpion is almost dead.
The scorpion closely misses you.
You barely miss the scorpion.
The scorpion is almost dead.
The scorpion stings you.
You are lethally poisoned!
The scorpion poisons you!
You hit the scorpion.
The scorpion is almost dead.
* * * LOW HITPOINT WARNING * * *
You feel very sick. The scorpion completely misses you.
You hit the scorpion.
The scorpion is almost dead.
* * * LOW HITPOINT WARNING * * *
You feel sick. The scorpion completely misses you.
* * * LOW HITPOINT WARNING * * *
You feel sick.
* * * LOW HITPOINT WARNING * * *
You feel sick.
It was a potion of attraction.
You feel attractive to monsters.
* * * LOW HITPOINT WARNING * * *
You feel sick. The scorpion misses you. The adder is attracted toward you.
It was a potion of cancellation.
Your magical effects are unravelling.
You feel magically purged.
* * * LOW HITPOINT WARNING * * *
You feel sick. The scorpion misses you. The adder closely misses you.
You feel less attractive to monsters.
* * * LOW HITPOINT WARNING * * *
You feel sick.
A giant cockroach comes into view.
* * * LOW HITPOINT WARNING * * *
You feel sick.
It was a potion of berserk rage.
A red film seems to cover your vision as you go berserk!
You feel yourself moving faster!
You feel mighty!
You die...

### ##### ...#
#...######
....##....#.#.#
...............##
................#..##
..............s.@......#
S....#..#.....S.........
.....#..##.......$......
...$)...###...........B.
#..#.... #.............
#..... #(.#..........
#..###### #<.#..[.......
n(......###.............
....##s......#.....


You could see a scorpion, an adder and a giant cockroach (asleep).

Vanquished Creatures
  A hound (D:3)
  4 adders
  4 worms
  3 dart slugs
  6 bats
  A giant cockroach (D:2)
  5 goblins
  7 hobgoblins
  7 jackals (D:2)
  9 kobolds
  2 quokkas
  7 ball pythons
  3 frilled lizards
  4 rats
63 creatures vanquished.

Vanquished Creatures (others)
  A plant (D:1)
1 creature vanquished.

Grand Total: 64 creatures vanquished

Notes
Turn   | Place    | Note
-------+----------+-------------------------------------------
     0 | D:1      | styxcanada the Spriggan Brigand began the quest for the
                  | Orb.
     0 | D:1      | Reached XP level 1. HP: 10/10 MP: 2/2
    26 | D:1      | Reached skill level 6 in Stealth
    44 | D:1      | Found a faded altar of an unknown god.
   414 | D:1      | Found Ojei's General Store.
   429 | D:1      | Reached XP level 2. HP: 14/14 MP: 3/3
  1431 | D:2      | Reached XP level 3. HP: 18/18 MP: 4/4
  1434 | D:2      | Reached skill level 7 in Stealth
  1551 | D:2      | Reached XP level 4. HP: 21/23 MP: 5/5
  2812 | D:4      | Reached skill level 8 in Stealth
  2852 | D:4      | Noticed a necrophage
  2894 | D:4      | Noticed a scorpion
  2917 | D:3      | HP: 1/21 [hound (5)]
  2971 | D:3      | Reached XP level 5. HP: 4/26 MP: 6/6
  3334 | D:4      | HP: 1/26 [poisoned by a scorpion]
  3336 | D:4      | Succumbed to a scorpion's poison

Illustrated notes

Levels and vault maps discovered:
D:1:      minmay_arrival_doors, layout_basic,
          shapermc_ecumenical_altar_mp_ritualfount, serial_shops, shop_fountains
D:2:      layout_basic
D:3:      layout_basic, minivault_23, hex_tiny
D:4:      layout_cave_pools, marbit_many_paths, dk_yredelemnul_ordeal,
          minmay_crystal_water, uniq_crazy_yiuf_cottage

Skill      XL: |  1  2  3  4 |
---------------+-------------+-----
Stealth        | 6 7 8 |  8.2
Dodging        | 2 |  2.6
Fighting       | 2 |  2.1
Short Blades   | 3 |  3.0
Throwing       | |  2.3

Action                   |  1- 3 |  4- 6 || total
-------------------------+-------+-------++-------
Melee: Dagger            |    67 |   136 ||   203
       Punch             |     1 |     2 ||     3
Throw: Dart              |    12 |    28 ||    40
  Use: Scroll            |     1 |     2 ||     3
       Potion            |       |     3 ||     3
 Stab: Sleeping          |    13 |     9 ||    22
Armor: Robe              |     7 |    17 ||    24
Dodge: Dodged            |    32 |    99 ||   131
